Map: [TLMC19] Sacred Isle

Players

Spirit (souL) - Winner!

  • Race: Terran Terran
  • League: Master
  • Spawn Location: 7:00

ShoWTimE

  • Race: Protoss Protoss
  • League: Master
  • Spawn Location: 3:00

VOD

Have the link to the VOD?

Description

Time

  • Played on: Dec. 21, 2023, 10:12 a.m.
  • Length: 8:58
Show
View Real Time Build Order
Export as new Build Order

Spirit Terran - Winner!

Build Orders: Liberator Opening 

Get SALT Encoding   

  12  0:00  SCV  
  13  0:12  SCV  
  14  0:16  Supply Depot  
  14  0:24  SCV  
  15  0:38  SCV  
  15  0:40  Barracks  
  16  0:44  Refinery  
  16  0:50  SCV  
  17  1:02  SCV  
  18  1:14  SCV  
  19  1:28  Marine  
  19  1:30  Orbital Command  
  20  1:43  Command Center  
  20  1:53  Factory  
  20  1:56  SCV  
  21  2:04  Supply Depot  
  21  2:06  Barracks Reactor  
  21  2:08  SCV  
  22  2:12  Refinery  
  22  2:20  SCV  
  23  2:32  SCV  
  24  2:41  Starport  
  24  2:43  Marine x2  
  28  2:44  Widow Mine  
  28  2:46  SCV  
  29  2:56  Orbital Command  
  29  2:58  SCV  
  29  3:01  Marine x2  
  32  3:06  Widow Mine  
  32  3:10  SCV  
  35  3:16  Medivac  
  35  3:19  Marine x2  
  39  3:23  SCV x2  
  39  3:27  Supply Depot  
  41  3:30  Factory Tech Lab  
  41  3:32  Supply Depot  
  41  3:35  SCV  
  41  3:37  Marine x2  
  41  3:39  SCV  
  48  3:48  Siege Tank  
  48  3:53  SCV  
  48  3:54  Marine x2  
  51  3:57  Liberator  
  51  3:58  SCV  
  55  4:05  SCV  
  55  4:06  Supply Depot  
  56  4:10  SCV  
  56  4:12  Marine  
  58  4:17  SCV  
  58  4:19  Barracks  
  58  4:22  SCV  
  60  4:28  Siege Tank  
  60  4:29  SCV  
  60  4:30  Marine  
  65  4:35  SCV  
  65  4:38  Barracks  
  66  4:39  Engineering Bay  
  66  4:41  SCV  
  66  4:42  Marine  
  68  4:47  SCV  
  68  4:49  Marine  
  66  4:54  SCV  
  66  4:59  SCV  
  66  5:00  Siege Tank, Marine  
  66  5:06  Bunker  
  70  5:10  Barracks Tech Lab  
  70  5:13  Marine, Refinery x2, Bunker  
  70  5:19  SCV  
  70  5:21  SCV  
  70  5:22  Marine  
  61  5:33  Stimpack  
  60  5:35  Barracks  
  60  5:36  SCV, Barracks  
  60  5:37  SCV  
  60  5:41  Barracks Tech Lab  
  59  5:48  SCV  
  59  5:49  SCV  
  61  5:50  Command Center  
  61  5:51  Starport Reactor  
  61  5:56  Supply Depot  
  58  5:58  Factory Reactor  
  58  5:59  Marine, Missile Turret  
  58  6:00  SCV, Marauder  
  58  6:01  SCV  
  65  6:13  Marine  
  65  6:14  SCV x2  
  65  6:17  Marine  
  66  6:21  Marauder  
  66  6:25  Terran Infantry Weapons Level 1  
  64  6:26  SCV  
  64  6:27  Barracks Tech Lab, Barracks Reactor  
  64  6:28  SCV  
  64  6:31  Marine, Medivac  
  64  6:32  Medivac  
  71  6:33  Supply Depot  
  71  6:37  Widow Mine x2  
  71  6:38  Supply Depot  
  75  6:40  Combat Shield  
  75  6:41  Marine x2  
  75  6:44  SCV  
  78  6:59  Marine x2  
  78  7:00  Supply Depot, Marauder x2  
  86  7:02  Marauder, Widow Mine  
  86  7:03  Supply Depot  
  86  7:05  Orbital Command  
  86  7:07  Medivac  
  90  7:10  Medivac  
  90  7:13  Concussive Shells  
  90  7:14  Marine, Widow Mine  
  95  7:16  Marine  
  95  7:21  Marauder x2, Armory  
  100  7:26  Widow Mine  
  100  7:27  Marauder  
  104  7:35  Widow Mine  
  106  7:40  Marine  
  106  7:43  Marauder  
  106  7:44  SCV x2, Missile Turret  
  111  7:45  Viking  
  111  7:46  Marine, Marauder  
  111  7:50  Supply Depot  
  116  7:52  Orbital Command  
  116  7:53  Supply Depot  
  116  7:59  Marine  
  117  8:09  Marine  
  117  8:11  Marine  
  117  8:12  Marauder x2, Medivac  
  124  8:15  Marine, Marauder, Medivac  
  124  8:17  Marine  
  130  8:26  Marine  
  131  8:29  Marine  
  131  8:33  SCV  
  133  8:37  Marauder  
Show
View Real Time Build Order
Export as new Build Order

ShoWTimE Protoss 

Build Orders: 1 Gate Expand, Blink Stalkers 

Get SALT Encoding   

  12  0:00  Probe  
  13  0:12  Probe  
  14  0:17  Pylon  
  14  0:24  Probe (Chrono Boost)  
  15  0:36  Gateway, Probe (Chrono Boost)  
  16  0:44  Probe (Chrono Boost)  
  16  0:45  Assimilator  
  17  0:51  Probe  
  18  1:03  Probe  
  19  1:15  Probe  
  20  1:22  Nexus  
  20  1:32  Cybernetics Core  
  20  1:34  Probe  
  21  1:40  Assimilator  
  21  1:46  Probe  
  22  1:49  Pylon  
  22  1:58  Probe  
  23  2:05  Stalker (Chrono Boost)  
  23  2:08  Warp Gate  
  25  2:10  Probe  
  26  2:22  Twilight Council, Probe  
  27  2:25  Adept (Chrono Boost)  
  29  2:34  Probe  
  29  2:35  Probe  
  31  2:46  Probe  
  31  2:47  Probe  
  33  2:55  Stalker, Blink (Chrono Boost)  
  35  2:59  Probe x2  
  37  3:08  Gateway  
  37  3:11  Probe x2  
  39  3:23  Probe x2  
  41  3:32  Nexus  
  41  3:35  Probe x2  
  41  3:39  Pylon  
  43  3:45  Robotics Facility  
  43  3:47  Probe x2  
  45  3:51  Assimilator  
  45  3:59  Stalker  
  45  4:02  Stalker  
  49  4:03  Probe x2  
  49  4:08  Pylon  
  51  4:15  Probe x2  
  53  4:26  Stalker x2  
  53  4:27  Probe  
  53  4:28  Probe  
  59  4:35  Shield Battery, Observer  
  60  4:40  Probe x2  
  60  4:43  Probe  
  63  4:52  Probe x2  
  65  4:55  Probe  
  65  5:00  Stalker x2  
  69  5:08  Probe  
  70  5:21  Probe (Chrono Boost)  
  62  5:26  Stalker x2  
  62  5:28  Probe (Chrono Boost)  
  59  5:29  Probe (Chrono Boost)  
  59  5:33  Probe (Chrono Boost)  
  57  5:39  Probe (Chrono Boost)  
  57  5:40  Probe (Chrono Boost)  
  57  5:41  Probe (Chrono Boost)  
  60  5:42  Gateway  
  60  5:44  Charge, Probe x2 (Chrono Boost)  
  60  5:45  Gateway  
  60  5:47  Probe  
  63  5:54  Probe  
  63  5:55  Probe  
  65  5:57  Sentry x2  
  65  5:59  Probe  
  65  6:01  Gateway  
  70  6:06  Gateway, Probe  
  70  6:07  Probe  
  72  6:11  Probe  
  72  6:13  Pylon  
  72  6:18  Probe  
  74  6:19  Probe  
  74  6:23  Probe  
  76  6:27  Warp Prism (Chrono Boost)  
  76  6:29  Gateway  
  76  6:30  Probe  
  76  6:31  Probe  
  80  6:33  Gateway  
  80  6:35  Probe  
  80  6:39  Assimilator  
  81  6:40  Shield Battery, Sentry, Pylon  
  81  6:41  Zealot  
  85  6:48  Observer  
  85  6:50  Shield Battery  
  85  6:52  Pylon x2  
  85  6:55  Nexus  
  85  7:00  Forge  
  85  7:05  Forge  
  85  7:09  Stalker x2, Zealot x2  
  93  7:16  Shield Battery  
  93  7:17  Pylon  
  93  7:20  Probe x3  
  96  7:27  Robotics Bay  
  96  7:30  Zealot x4  
  103  7:40  Observer (Chrono Boost)  
  103  7:42  Zealot x3  
  110  7:55  Zealot x3, Probe  
  117  8:07  Probe  
  117  8:08  Probe x2  
  117  8:10  Probe  
  117  8:11  Photon Cannon  
  114  8:19  Probe  
  110  8:20  Probe  
  110  8:22  Observer (Chrono Boost)  
  111  8:29  Photon Cannon  
  111  8:32  Zealot x8  
  127  8:35  Probe  
Tags
 
Add a new tag
Caveats
  • Supply blocks, unpowered buildings, or Contaminate may cause inaccurate times.
  • Supply counts are checked every 10 seconds.